Map: Dusk Towers

Players

SHUTUPPIGGY

  • Race: Zerg Zerg
  • League: Silver

WildCatBrown - Winner!

  • Race: Protoss Protoss
  • League: Bronze

VOD

Have the link to the VOD?

Description

Time

  • Played on: Dec. 23, 2015, 10:57 a.m.
  • Length: 17:42
Show
View Real Time Build Order
Export as new Build Order

SHUTUPPIGGY Zerg 

Build Orders: Pool First 

Get SALT Encoding   

  12  0:01  Drone  
  13  0:09  Drone  
  14  0:17  Overlord  
  14  0:34  Spawning Pool  
  13  0:37  Drone  
  13  0:41  Drone  
  15  0:48  Extractor  
  15  0:49  Drone  
  15  0:50  Drone  
  16  0:59  Drone  
  17  1:12  Drone  
  18  1:21  Drone  
  18  1:25  Queen  
  21  1:27  Evolution Chamber  
  21  1:31  Zergling x2  
  21  1:43  Overlord  
  21  1:53  Metabolic Boost, Zergling x2  
  22  2:04  Overlord, Extractor  
  21  2:14  Zergling x2  
  22  2:29  Drone  
  23  2:34  Drone  
  23  2:35  Drone, Zergling x2  
  26  2:37  Zerg Melee Weapons Level 1  
  26  2:40  Drone  
  26  2:44  Queen  
  27  2:48  Drone  
  30  2:59  Drone  
  30  3:05  Evolution Chamber  
  30  3:06  Drone x3  
  33  3:20  Zergling x2  
  34  3:34  Zergling x2  
  34  3:38  Hatchery  
  34  3:43  Zerg Ground Armor Level 1  
  34  3:45  Lair  
  34  3:47  Drone  
  34  3:48  Drone  
  36  4:02  Zergling x4  
  38  4:03  Overlord  
  38  4:31  Zergling x2  
  38  4:32  Zerg Missile Weapons Level 1, Zergling x8  
  43  4:45  Zergling x4  
  45  4:51  Drone  
  46  4:55  Drone  
  46  4:58  Hatchery  
  46  5:08  Queen  
  46  5:10  Drone x3  
  46  5:11  Drone  
  52  5:16  Overlord  
  52  5:38  Zergling x2  
  52  5:39  Zergling x12  
  52  5:42  Drone  
  60  5:49  Overlord  
  60  5:51  Overlord  
  60  5:52  Zerg Melee Weapons Level 2  
  60  6:11  Zergling x2  
  60  6:13  Drone x2  
  60  6:14  Drone x3  
  60  6:16  Drone x3  
  68  6:21  Zergling x2  
  69  6:37  Drone  
  69  6:38  Drone x2  
  72  6:46  Roach Warren x2, Extractor  
  69  6:48  Extractor  
  68  6:55  Zergling x10  
  68  6:58  Drone  
  68  6:59  Drone x2  
  68  7:00  Hatchery  
  72  7:11  Zergling x6  
  48  7:31  Zergling x10  
  47  7:39  Roach x7  
  52  7:56  Zerg Ground Armor Level 2  
  44  8:04  Overlord  
  41  8:05  Roach  
  41  8:06  Roach x2  
  41  8:07  Zergling x2  
  45  8:12  Zergling x2  
  45  8:13  Zergling x4  
  41  8:22  Roach  
  41  8:23  Roach  
  44  8:28  Zergling x4  
  44  8:33  Drone  
  41  8:35  Roach  
  43  8:41  Zergling x2  
  43  8:42  Zergling x2  
  39  9:01  Roach  
  39  9:02  Roach x4  
  41  9:21  Roach  
  41  9:22  Roach x4  
  51  9:37  Roach  
  51  9:38  Roach x3  
  59  9:57  Roach  
  59  9:58  Roach x6  
  71  10:04  Ravager x2  
  73  10:23  Roach x6  
  85  10:50  Drone  
  85  10:51  Drone x3  
  85  10:54  Drone  
  85  10:55  Hatchery  
  89  11:26  Lair  
  89  11:27  Lair  
  89  11:29  Drone  
  89  11:31  Overlord x2  
  90  11:49  Drone x8  
  90  11:52  Drone  
  90  11:53  Drone  
  100  12:07  Queen  
  102  12:08  Drone  
  102  12:13  Roach  
  102  12:14  Roach x2  
  102  12:15  Zergling x2  
  110  12:32  Overlord  
  110  12:33  Overlord x4  
  110  12:53  Zerg Missile Weapons Level 2  
  101  13:06  Roach  
  101  13:07  Roach x11  
  101  13:08  Zergling x2  
  126  13:29  Hydralisk Den  
  126  13:31  Drone  
  126  13:32  Drone x10  
  126  13:34  Infestation Pit  
  135  13:39  Drone  
  135  13:40  Drone x2, Extractor  
  137  13:43  Extractor  
  136  14:04  Nydus Network  
  135  14:29  Overlord x3  
  135  14:30  Overlord  
  132  14:43  Hydralisk x3, Roach  
  132  14:44  Hydralisk x4, Roach x4  
  132  14:45  Hydralisk x2, Roach x3  
  122  14:46  Roach  
  106  14:56  Hydralisk  
  106  14:57  Roach x2  
  98  15:02  Zergling x2  
  98  15:03  Zergling x10  
  104  15:16  Hydralisk x2, Roach  
  104  15:17  Roach  
  112  15:23  Roach x2  
  112  15:24  Zergling x2  
  112  15:25  Zergling x2  
  118  15:30  Zergling x2  
  118  15:31  Zergling x10  
  118  15:33  Queen  
  126  15:36  Extractor  
  126  15:40  Drone x4, Extractor  
  100  15:58  Hydralisk x4, Roach x2  
  100  15:59  Roach  
  76  16:07  Hydralisk x2  
  76  16:08  Roach  
  76  16:10  Hydralisk  
  76  16:11  Roach  
  81  16:13  Hydralisk  
  72  16:30  Hydralisk  
  72  16:31  Roach x2  
  72  16:32  Zergling x4  
  80  16:33  Zergling x2  
  80  16:38  Hydralisk  
  80  16:39  Roach  
  68  17:05  Hydralisk  
  68  17:06  Hydralisk, Roach x2  
  68  17:07  Zergling x8  
  60  17:17  Hydralisk  
Show
View Real Time Build Order
Export as new Build Order

WildCatBrown Protoss - Winner!

Build Orders: 1 Gate Expand 

Get SALT Encoding   

  12  0:01  Probe (Chrono Boost)  
  13  0:11  Probe (Chrono Boost)  
  14  0:21  Pylon  
  14  0:22  Probe (Chrono Boost)  
  15  0:30  Assimilator  
  15  0:39  Probe (Chrono Boost)  
  16  0:47  Gateway  
  17  0:50  Probe (Chrono Boost)  
  17  1:00  Probe (Chrono Boost)  
  18  1:11  Probe (Chrono Boost)  
  19  1:24  Probe (Chrono Boost)  
  20  1:30  Nexus  
  20  1:35  Probe (Chrono Boost)  
  21  1:47  Probe (Chrono Boost)  
  22  1:50  Cybernetics Core  
  22  2:00  Probe (Chrono Boost)  
  23  2:01  Pylon  
  23  2:03  Assimilator  
  23  2:19  Pylon, Zealot  
  25  2:28  Mothership Core (Chrono Boost)  
  27  2:30  Warp Gate  
  27  2:42  Probe (Chrono Boost)  
  28  2:46  Zealot  
  28  2:47  Probe (Chrono Boost)  
  31  2:53  Gateway, Probe (Chrono Boost)  
  32  3:04  Probe x2 (Chrono Boost)  
  34  3:11  Pylon  
  33  3:15  Probe (Chrono Boost)  
  33  3:17  Adept  
  36  3:22  Probe (Chrono Boost)  
  37  3:27  Assimilator  
  37  3:31  Probe (Chrono Boost)  
  37  3:32  Assimilator  
  37  3:33  Probe (Chrono Boost)  
  39  3:41  Probe (Chrono Boost), Forge  
  39  3:44  Probe (Chrono Boost)  
  43  3:55  Probe x2 (Chrono Boost)  
  43  3:57  Twilight Council  
  43  4:01  Adept x2  
  47  4:05  Protoss Ground Weapons Level 1 (Chrono Boost)  
  47  4:16  Robotics Facility  
  47  4:20  Probe (Chrono Boost)  
  47  4:22  Probe (Chrono Boost)  
  49  4:34  Resonating Glaives (Chrono Boost)  
  49  4:40  Adept x2  
  49  4:42  Probe  
  49  4:43  Probe  
  55  4:54  Gateway  
  55  4:55  Gateway  
  55  5:04  Probe x2  
  58  5:07  Observer  
  58  5:18  Gateway  
  58  5:27  Warp Prism  
  60  5:32  Nexus  
  60  5:35  Assimilator  
  60  5:37  Adept  
  60  5:40  Assimilator  
  62  5:43  Pylon  
  62  5:46  Pylon  
  62  5:53  Protoss Ground Weapons Level 2  
  62  5:58  Robotics Bay  
  62  6:01  Probe x2  
  64  6:06  Pylon  
  64  6:21  Forge  
  68  6:25  Immortal  
  68  6:36  Adept x3  
  68  6:37  Adept x2  
  78  6:53  Probe  
  78  6:55  Probe x2  
  78  6:57  Pylon  
  81  7:05  Immortal  
  81  7:07  Probe x2  
  87  7:15  Adept x4  
  77  7:16  Adept  
  76  7:32  Probe  
  76  7:33  Probe x2  
  76  7:36  Zealot x2  
  83  7:37  Zealot x2  
  83  7:45  Probe x2  
  85  7:51  Adept  
  85  8:02  Protoss Ground Armor Level 1  
  83  8:06  Adept  
  83  8:07  Adept x3  
  83  8:09  Protoss Ground Weapons Level 3  
  83  8:26  Adept x2  
  83  8:28  Adept  
  83  8:38  Zealot x2  
  85  8:48  Zealot  
  85  8:49  Zealot x2  
  87  9:01  Zealot x2  
  83  9:19  Adept x3  
  89  9:30  Immortal  
  91  9:36  Charge (Chrono Boost)  
  91  9:37  Zealot x2  
  87  9:49  Zealot x3  
  85  10:09  Immortal  
  85  10:10  Protoss Ground Armor Level 2  
  89  10:19  Adept x3  
  89  10:20  Adept x2  
  79  10:48  Probe x2, Warp Prism  
  83  11:06  Gateway  
  83  11:09  Gateway  
  83  11:10  Gateway  
  83  11:15  Adept x5  
  93  11:18  Nexus  
  93  11:21  Assimilator  
  93  11:24  Immortal  
  93  11:25  Gravitic Drive, Assimilator  
  97  11:27  Pylon  
  97  11:31  Pylon  
  97  11:51  Robotics Facility  
  97  11:53  Robotics Facility  
  97  11:56  Pylon  
  97  11:58  Gateway  
  97  12:02  Stalker x5  
  97  12:03  Disruptor  
  110  12:12  Blink (Chrono Boost)  
  110  12:15  Protoss Shields Level 1 (Chrono Boost)  
  110  12:32  Probe x2  
  110  12:33  Probe x2  
  114  12:38  Disruptor  
  114  12:42  Probe  
  118  12:53  Probe  
  119  13:03  Probe  
  120  13:07  Probe  
  121  13:13  Disruptor  
  121  13:14  Immortal  
  121  13:18  Probe  
  129  13:23  Immortal  
  129  13:27  Pylon  
  133  13:28  Probe  
  133  13:32  Stalker  
  133  13:33  Stalker x2, Pylon  
  140  13:43  Probe, Pylon  
  140  13:45  Pylon, Protoss Ground Armor Level 3 (Chrono Boost)  
  141  13:51  Pylon  
  141  13:53  Pylon  
  141  13:54  Probe  
  142  14:03  Stalker x5  
  142  14:04  Probe  
  153  14:15  Probe  
  154  14:25  Probe  
  155  14:36  Probe  
  136  15:03  Stalker x2  
  136  15:04  Stalker x2  
  144  15:08  Immortal x3  
  156  15:15  Probe  
  156  15:17  Protoss Shields Level 2 (Chrono Boost)  
  157  15:47  Immortal  
  130  16:33  Stalker x6  
  130  16:34  Stalker x2  
  136  16:59  Adept x5  
  136  17:00  Adept x3  
Tags
 
Add a new tag
Caveats
  • Supply blocks, unpowered buildings, or Contaminate may cause inaccurate times.
  • Supply counts are checked every 10 seconds.